 Dungeon Crawl Stone Soup version 0.29.0-4-gdea44cf6ec (webtiles) character file.

Game seed: 9988708598331454658

268 qw the Chopper (level 6, 0/35 HPs)
             Began as a Tengu Warper on Aug 28, 2022.
             Succumbed to an orc wizard's poison
             ... on level 3 of the Dungeon.
             The game lasted 00:00:29 (4601 turns).

qw the Chopper (Tengu Warper)                       Turns: 4601, Time: 00:00:30

Health: 0/35       AC: 12    Str: 20    XL:     6   Next: 21%
Magic:  10/10      EV:  7    Int: 13    God:
Gold:   173        SH:  0    Dex: 13    Spells: 9/9 levels left

rFire   . . .      SeeInvis .   Y - +0 war axe
rCold   . . .      Faith    .   (no shield)
rNeg    . . .      Spirit   .   b - +2 plate armour
rPois   .          Reflect  .   (helmet restricted)
rElec   .          Harm     .   (no cloak)
rCorr   .          Rampage  .   (no gloves)
Will    .....                   (boots unavailable)
Stlth   ..........              (no amulet)
HPRegen 0.11/turn               e - +6 ring of strength
MPRegen 0.12/turn               (no ring)

@: lethally poisoned (0 -> 0), flying quickly and evasively, quick
A: beak, talons 3, nimble flight
a: no special abilities


You were on level 3 of the Dungeon.
You visited 1 branch of the dungeon, and saw 4 of its levels.

You collected 173 gold pieces.


Innate Abilities, Weirdness & Mutations

You have a beak for a mouth.
You have claws for feet.
Your magical nature lets you fly swiftly and evasively.


   Skills:
 - Level 2.0 Fighting
 + Level 6.7 Axes
 - Level 1.0 Throwing
 - Level 2.0 Armour
 - Level 2.1 Dodging
 - Level 2.0 Spellcasting
 - Level 2.4 Translocations


You had 9 spell levels left.
You didn't know any spells.
Your spell library contained the following spells:

 Spells                   Type           Power      Damage    Failure   Level
 Blink                    Tloc           14%        N/A       99%         2
 Gell's Gravitas          Tloc           7%         N/A       100%        3
 Lesser Beckoning         Tloc           7%         N/A       100%        3
 Teleport Other           Tloc           7%         N/A       100%        3
 Manifold Assault         Tloc           7%         N/A       100%        5

Inventory:

Hand Weapons
 c - a +1 mace of protection
 Y - a +0 war axe (weapon)
Armour
 b - a +2 plate armour (worn)
Jewellery
 e - a +6 ring of strength (left hand)
 h - a ring of fire
Potions
 f - a potion of attraction {unknown}
 g - a potion of ambrosia {unknown}

Dungeon Overview and Level Annotations

Branches:
Dungeon (4/15)
 Temple: D:4-7

Altars:
Trog

Shops:
D:1 :

Annotations:
D:3 1 runed translucent door, Crazy Yiuf


Message History

You are poisoned.
You miss the orc wizard.
The orc wizard is severely wounded.
You feel sick.
The orc wizard casts a spell.
The orc wizard flickers and vanishes!
Deactivating autopickup; reactivate with Ctrl-A.
You miss something.
You feel sick. Something hits you but does no damage.
You are more poisoned.
Something hits you.
You are more poisoned.
You miss something. Your kick misses something.
You feel very sick. Something hits you but does no damage.
You are lethally poisoned!
You hit something. Your kick misses something. You peck something.
Reactivating autopickup.
You feel a bit more experienced.
You feel very sick.
There is a lethal amount of poison in your body!
You feel very sick.
There is a lethal amount of poison in your body!
You feel very sick.
There is a lethal amount of poison in your body!
You feel very sick.
There is a lethal amount of poison in your body!
You feel sick.
There is a lethal amount of poison in your body!
You feel sick.
There is a lethal amount of poison in your body!
You feel sick.
There is a lethal amount of poison in your body!
You feel sick.
There is a lethal amount of poison in your body!
You feel sick.
There is a lethal amount of poison in your body!
You feel sick.
There is a lethal amount of poison in your body!
You die...

##.##.# #.# #.# #.#.....##
##...#.###)# #.# #.#.###.##
###...#......#####.#####...# #...
#........)...............#.###.##
#.#..>#.....####.#.#####.#.....#
#<##.<:..>..# #.#.# #.###.###
#.###.#.....# #.#.#####.###.# ##
#.# #.###.### #)#...........###.
### ### ### #@#######.######..
#%# #.# ###.# ###.### #.# ##...#
### 77##.....# #.###).### #)..#77
77..#.#.#.# #.....##.#
#...+.7777..)....#.# #####.#..'
#...#7..7.)......#.# #.##.# ###
777.7...###...# #..### 77777##
###.# ##...#


There were no monsters in sight!

Vanquished Creatures
  Natasha (thrice) (D:2)
  2 orc wizards (D:3)
  6 adders (D:2)
  A worm (D:2)
  7 orcs
  7 ball pythons
  8 endoplasms
  2 giant cockroaches
  11 goblins
  8 hobgoblins
  3 jackals (D:1)
  3 kobolds
  8 quokkas
  3 bats
  2 frilled lizards
  7 rats
81 creatures vanquished.

Notes
Turn   | Place    | Note
-------+----------+-------------------------------------------
     0 | D:1      | qw the Tengu Warper began the quest for the Orb.
     0 | D:1      | Reached XP level 1. HP: 12/12 MP: 4/4
     0 | D:1      | 0 ||| qw: Version: 0.1-a-89-g26bdef1
     0 | D:1      | 0 ||| qw: Game counter: 2509
     0 | D:1      | 0 ||| qw: Always use a shield: true
     0 | D:1      | 0 ||| qw: God list: Okawaru
     0 | D:1      | 0 ||| qw: Allow faded altars: false
     0 | D:1      | 0 ||| qw: Do Orc after D:15 true
     0 | D:1      | 0 ||| qw: Do second Lair branch before Depths: true
     0 | D:1      | 0 ||| qw: Lair rune preference: random
     0 | D:1      | 0 ||| qw: Plans: Normal
     0 | D:1      | 0 ||| PLANNING D:1-11
   142 | D:1      | 142 ||| Stepping ~*~*~tactically~*~*~ (stealth).
   145 | D:1      | 145 ||| Stepping ~*~*~tactically~*~*~ (stealth).
   151 | D:1      | 151 ||| Stepping ~*~*~tactically~*~*~ (stealth).
   188 | D:1      | 188 ||| SWAPPING to +0 war axe.
   346 | D:1      | 346 ||| DROPPING +0 hand axe.
   415 | D:1      | Reached XP level 2. HP: 12/17 MP: 6/6
   416 | D:1      | Reached skill level 3 in Axes
   537 | D:1      | 537 ||| Stepping ~*~*~tactically~*~*~ (stealth).
   538 | D:1      | 538 ||| Stepping ~*~*~tactically~*~*~ (stealth).
   540 | D:1      | 540 ||| Stepping ~*~*~tactically~*~*~ (stealth).
  1057 | D:1      | Found Ukoong's Book Boutique.
  1309 | D:1      | Reached XP level 3. HP: 21/21 MP: 7/7
  1455 | D:1      | Found a faded altar of an unknown god.
  1629 | D:1      | 1629 ||| UPGRADING to +0 scale mail.
  1639 | D:1      | 1639 ||| DROPPING +0 leather armour.
  1640 | D:1      | 1640 ||| READING scroll labelled QENAOL KUSOAV.
  1641 | D:1      | 1641 ||| DROPPING scroll of blinking.
  1722 | D:2      | 1722 ||| Stepping ~*~*~tactically~*~*~ (stealth).
  1723 | D:2      | 1723 ||| Stepping ~*~*~tactically~*~*~ (stealth).
  1728 | D:2      | 1728 ||| Stepping ~*~*~tactically~*~*~ (stealth).
  1775 | D:2      | Reached skill level 4 in Axes
  1810 | D:2      | 1810 ||| FLEEEEING.
  1811 | D:2      | 1811 ||| FLEEEEING.
  1812 | D:2      | 1812 ||| FLEEEEING.
  1941 | D:2      | 1941 ||| FLEEEEING.
  1942 | D:2      | 1942 ||| FLEEEEING.
  1998 | D:2      | Noticed Natasha
  1999 | D:2      | 1999 ||| Stepping ~*~*~tactically~*~*~ (hiding).
  2003 | D:2      | Killed Natasha
  2004 | D:2      | Reached skill level 5 in Axes
  2004 | D:2      | Reached XP level 4. HP: 25/26 MP: 8/8
  2114 | D:2      | 2114 ||| FLEEEEING.
  2115 | D:2      | 2115 ||| FLEEEEING.
  2116 | D:2      | 2116 ||| FLEEEEING.
  2117 | D:2      | 2117 ||| FLEEEEING.
  2118 | D:2      | 2118 ||| FLEEEEING.
  2119 | D:2      | 2119 ||| FLEEEEING.
  2121 | D:2      | 2121 ||| FLEEEEING.
  2123 | D:2      | 2123 ||| FLEEEEING.
  2124 | D:2      | 2124 ||| FLEEEEING.
  2691 | D:2      | Gained mutation: Your magical nature lets you fly swiftly
                  | and evasively. [Tengu growth]
  2691 | D:2      | Reached XP level 5. HP: 28/30 MP: 9/9
  2775 | D:2      | Noticed Natasha
  2776 | D:2      | 2776 ||| Stepping ~*~*~tactically~*~*~ (hiding).
  2786 | D:2      | Killed Natasha
  2809 | D:2      | Noticed Natasha
  2818 | D:2      | Killed Natasha
  2819 | D:2      | Reached skill level 6 in Axes
  2970 | D:2      | 2970 ||| DROPPING +0 club.
  3098 | D:2      | 3098 ||| UPGRADING to +0 plate armour.
  3108 | D:2      | 3108 ||| DROPPING +0 scale mail.
  3109 | D:2      | 3109 ||| READING scroll of enchant armour.
  3109 | D:2      | 3109 ||| ENCHANTING +0 plate armour.
  3110 | D:2      | 3110 ||| UPGRADING to +6 ring of strength.
  3156 | D:3      | Found a bloodstained altar of Trog.
  3239 | D:3      | 3239 ||| READING scroll of enchant armour.
  3239 | D:3      | 3239 ||| ENCHANTING +1 plate armour.
  3291 | D:3      | 3291 ||| READING scroll labelled ESUYSKI MENWUCVOO.
  3304 | D:3      | 3304 ||| Stepping randomly (stuck).
  3305 | D:3      | 3305 ||| Stepping randomly (stuck).
  3306 | D:3      | 3306 ||| Stepping randomly (stuck).
  3307 | D:3      | 3307 ||| Stepping randomly (stuck).
  3308 | D:3      | 3308 ||| Stepping randomly (stuck).
  3309 | D:3      | 3309 ||| Stepping randomly (stuck).
  3310 | D:3      | 3310 ||| Stepping randomly (stuck).
  3311 | D:3      | 3311 ||| Stepping randomly (stuck).
  3312 | D:3      | 3312 ||| Stepping randomly (stuck).
  3313 | D:3      | 3313 ||| Stepping randomly (stuck).
  3314 | D:3      | 3314 ||| Stepping randomly (stuck).
  3315 | D:3      | 3315 ||| Stepping randomly (stuck).
  3316 | D:3      | 3316 ||| Stepping randomly (stuck).
  3317 | D:3      | 3317 ||| Stepping randomly (stuck).
  3318 | D:3      | 3318 ||| Stepping randomly (stuck).
  3319 | D:3      | 3319 ||| Stepping randomly (stuck).
  3320 | D:3      | 3320 ||| Stepping randomly (stuck).
  3321 | D:3      | 3321 ||| Stepping randomly (stuck).
  3322 | D:3      | 3322 ||| Stepping randomly (stuck).
  3323 | D:3      | 3323 ||| Stepping randomly (stuck).
  3324 | D:3      | 3324 ||| Stepping randomly (stuck).
  3325 | D:3      | 3325 ||| Stepping randomly (stuck).
  3326 | D:3      | 3326 ||| Stepping randomly (stuck).
  3327 | D:3      | 3327 ||| Stepping randomly (stuck).
  3328 | D:3      | 3328 ||| Stepping randomly (stuck).
  3329 | D:3      | 3329 ||| Stepping randomly (stuck).
  3330 | D:3      | 3330 ||| Stepping randomly (stuck).
  3331 | D:3      | 3331 ||| Stepping randomly (stuck).
  3333 | D:3      | 3333 ||| Stepping randomly (stuck).
  3335 | D:3      | 3335 ||| Stepping randomly (stuck).
  3337 | D:3      | 3337 ||| Stepping randomly (stuck).
  3338 | D:3      | 3338 ||| Stepping randomly (stuck).
  3339 | D:3      | 3339 ||| Stepping randomly (stuck).
  3340 | D:3      | 3340 ||| Stepping randomly (stuck).
  3341 | D:3      | 3341 ||| Stepping randomly (stuck).
  3342 | D:3      | 3342 ||| Stepping randomly (stuck).
  3343 | D:3      | 3343 ||| Stepping randomly (stuck).
  3344 | D:3      | 3344 ||| Stepping randomly (stuck).
  3345 | D:3      | 3345 ||| Stepping randomly (stuck).
  3346 | D:3      | 3346 ||| Stepping randomly (stuck).
  3348 | D:3      | 3348 ||| Stepping randomly (stuck).
  3349 | D:3      | 3349 ||| Stepping randomly (stuck).
  3350 | D:3      | 3350 ||| Stepping randomly (stuck).
  3351 | D:3      | 3351 ||| Stepping randomly (stuck).
  3352 | D:3      | 3352 ||| Stepping randomly (stuck).
  3353 | D:3      | 3353 ||| Stepping randomly (stuck).
  3354 | D:3      | 3354 ||| Stepping randomly (stuck).
  3355 | D:3      | 3355 ||| Stepping randomly (stuck).
  3356 | D:3      | 3356 ||| Stepping randomly (stuck).
  3357 | D:3      | 3357 ||| Stepping randomly (stuck).
  3358 | D:3      | 3358 ||| Stepping randomly (stuck).
  3359 | D:3      | 3359 ||| Stepping randomly (stuck).
  3360 | D:3      | 3360 ||| Stepping randomly (stuck).
  3361 | D:3      | 3361 ||| Stepping randomly (stuck).
  3531 | D:3      | Found a runed translucent door.
  3532 | D:3      | Noticed Crazy Yiuf
  3562 | D:3      | 3562 ||| DROPPING +0 mace.
  3572 | D:3      | You are sucked into a shaft and drop 1 floor!
  3598 | D:4      | 3598 ||| READING scroll labelled DANGEI ULIR.
  4053 | D:3      | 4053 ||| READING scroll labelled UNEHIDE ERYHIE.
  4054 | D:3      | 4054 ||| Stepping randomly (stuck).
  4055 | D:3      | 4055 ||| Stepping ~*~*~tactically~*~*~ (cloud).
  4061 | D:3      | HP: 7/30 [poisoned by you (poison gas)]
  4330 | D:4      | 4330 ||| STAIRDANCE
  4424 | D:4      | 4424 ||| STAIRDANCE
  4430 | D:3      | Reached XP level 6. HP: 34/35 MP: 10/10
  4464 | D:4      | 4464 ||| STAIRDANCE
  4466 | D:3      | 4466 ||| DRINKING potion of curing.
  4466 | D:3      | 4466 ||| (to cure confusion)
  4520 | D:4      | 4520 ||| STAIRDANCE
  4585 | D:4      | 4585 ||| STAIRDANCE
  4595 | D:3      | HP: 7/35 [poisoned by an orc wizard]
  4598 | D:3      | HP: 3/35 [poisoned by an orc wizard]
  4600 | D:3      | HP: 1/35 [poisoned by an orc wizard]
  4601 | D:3      | Succumbed to an orc wizard's poison

Levels and vault maps discovered:
D:1:      dpeg_arrival_circle_labyrinth_c, layout_basic,
          shapermc_ecumenical_altar_hornbeckon, serial_shops, shop
D:2:      layout_loops_ring, uniq_natasha
D:3:      cheibrodos_greedy_goblins, layout_loops_ring, trog_butcher_becter,
          kennysheep_cross_room, minmay_misc_feat_encased,
          uniq_crazy_yiuf_cottage
D:4:      layout_rooms, minmay_temple_entry_ruins, minmay_misc_feat_five,
          grunt_ministairs_2, minmay_strange_pillars

Skill      XL: |  1  2  3  4  5 |
---------------+----------------+-----
Axes           | 3 5 6 |  6.7
Armour         | 2 |  2.0
Fighting       | |  2.0
Throwing       | |  1.0
Dodging        | |  2.1
Spellcasting   | |  2.0
Translocations | |  2.4

Action                   |  1- 3 |  4- 6 || total
-------------------------+-------+-------++-------
Melee: War axe           |    68 |   103 ||   171
       Peck              |    11 |    10 ||    21
       Kick              |    19 |    20 ||    39
       Hand axe          |     1 |       ||     1
Throw: Boomerang         |     7 |       ||     7
  Use: Scroll            |     1 |     5 ||     6
       Potion            |       |     1 ||     1
Armor: Leather armour    |     9 |       ||     9
       Scale mail        |     9 |    20 ||    29
       Plate armour      |       |    28 ||    28
Dodge: Dodged            |    37 |    41 ||    78

Table legend:
 A = Non-vault XP
 B = Vault XP
 C = Vault XP percentage of total XP
 D = Non-vault monster count
 E = Vault monster count
 F = Vault count percentage of total count
                 A         B        C        D         E       F
            +---------+---------+-------+---------+---------+-------
      Total |     322 |      62 |  16.1 |      65 |      16 |  19.8
            +---------+---------+-------+---------+---------+-------
        D:1 |      39 |       0 |   0.0 |      24 |       0 |   0.0
        D:2 |     178 |      35 |  16.4 |      24 |       1 |   4.0
        D:3 |      99 |      23 |  18.9 |      14 |      13 |  48.1
        D:4 |       6 |       4 |  40.0 |       3 |       2 |  40.0
            +---------+---------+-------+---------+---------+-------
